 Dungeon Crawl Stone Soup version 0.22-a0-346-ga714374 (webtiles) character file.

442 rageheart7 the Slasher (level 6, -10/47 HPs)
             Began as a Demonspawn Chaos Knight on Apr 6, 2018.
             Mangled by an orc
             ... wielding a +0 flail
              (11 damage)
             ... on level 4 of the Dungeon.
             The game lasted 00:03:51 (2055 turns).

rageheart7 the Slasher (Demonspawn Chaos Knight)    Turns: 2055, Time: 00:03:52

Health: -10/47     AC:  5    Str: 15    XL:     6   Next: 71%
Magic:  6/6        EV: 26    Int: 13    God:    Xom [......]
Gold:   140        SH:  0    Dex: 12    Spells: 5/5 levels left

rFire    . . .     SeeInvis .   a - +1 falchion (chaos)
rCold    . . .     Gourm    .   (no shield)
rNeg     . . .     Faith    .   b - +2 leather armour
rPois    .         Spirit   .   (helmet restricted)
rElec    .         Reflect  .   (no cloak)
rCorr    .         Harm     .   (no gloves)
MR       .....                  (no boots)
Stlth    +.........             l - amulet of the acrobat
HPRegen  0.15/turn              (no ring)
MPRegen  0.10/turn              (no ring)

@: no status effects
A: hooves 1, horns 1, spiny 2
a: Renounce Religion


You were on level 4 of the Dungeon.
You worshipped Xom.
You were a very special plaything of Xom.
You were not hungry.

You visited 1 branch of the dungeon, and saw 4 of its levels.

You collected 140 gold pieces.

Inventory:

Hand Weapons
 a - a +1 falchion of chaos (weapon)
Armour
 b - a +2 leather armour (worn)
Jewellery
 k - an uncursed amulet of rage
 l - an amulet of the acrobat (around neck)
Scrolls
 d - 5 scrolls of identify
 e - a scroll of magic mapping
 f - 4 scrolls of remove curse
 g - a scroll of noise {unknown}
Potions
 m - a potion of resistance
Comestibles
 c - 3 rations


   Skills:
 - Level 3.0 Fighting
   Level 0.2(4.3) Short Blades
 * Level 7.0 Long Blades
 - Level 1.7 Armour
 - Level 0.8 Dodging


You had 5 spell levels left.
You didn't know any spells.

Dungeon Overview and Level Annotations

Branches:
Dungeon (4/15)
 Temple: D:4-7

Altars:


Innate Abilities, Weirdness & Mutations

You have large cloven feet.
You have a pair of small horns on your head.
You are mostly covered in sharp spines.


Message History

You headbutt the orc priest.
The orc priest is heavily wounded.
The orc priest is struck by your spines.
The orc priest hits you with a war axe.
* * * LOW HITPOINT WARNING * * *
Okay, then.
You completely miss the orc priest.
You kill the orc priest!
Your Long Blades skill increases to level 7!
The orc throws a tomahawk.
The tomahawk hits you.
* * * LOW HITPOINT WARNING * * *
You barely miss the orc. Your kick misses the orc. You hit the orc.
The orc flickers and vanishes!
Deactivating autopickup; reactivate with Ctrl-A.
Reactivating autopickup.
You feel a bit more experienced.
The orc throws a tomahawk.
The tomahawk hits you but does no damage.
The orc is struck by your spines. The orc hits you with a flail!
You die...
Xom laughs nastily!

######..## #...#..# ##..##
#..##..# ##..## #...##..#
##..### *#.. #...#
###..######## #...#
##..?.....###. #..##
##%.......... #..#
##...........! #..###
#....(@o...... ##.....
#......l......# #......
#.............####......
#.(............#.........
#(.................###....
#...............### ###..
#...............# ###
#.(.%..........# ## #.


You could see an iguana and an orc.

Vanquished Creatures
  The ghost of brknglss the Grasshopper, an amateur GnWr (D:4)
  An orc priest (D:4)
  2 centaur skeletons (D:4)
  An orc wizard (D:3)
  An iguana (D:3)
  A worker ant (D:4)
  6 adders
  An ooze (D:4)
  3 worms
  2 dart slugs
  2 leopard geckos
  5 orcs
  3 ball pythons
  12 bats
  5 giant cockroaches
  8 goblins
  5 hobgoblins
  5 jackals
  A quokka (D:2)
  4 frilled lizards
  4 kobolds
  2 rats (D:1)
75 creatures vanquished.

Notes
Turn   | Place    | Note
-------+----------+-------------------------------------------
     0 | D:1      | rageheart7 the Demonspawn Chaos Knight began the quest for the Orb.
     0 | D:1      | Reached XP level 1. HP: 18/18 MP: 1/1
     1 | D:1      | XOM: divination: detect items
    88 | D:1      | XOM: harmless Erth miscast
   127 | D:1      | Reached skill level 3 in Long Blades
   209 | D:1      | XOM: potion effect (berserk rage)
   221 | D:1      | XOM: potion effect (invisibility)
   224 | D:1      | Gained mutation: You are partially covered in sharp spines. [demonic ancestry]
   224 | D:1      | Reached XP level 2. HP: 22/24 MP: 2/2
   555 | D:2      | Reached XP level 3. HP: 19/29 MP: 3/3
   575 | D:2      | XOM: smoke on damage
   579 | D:2      | Reached skill level 4 in Long Blades
   598 | D:2      | XOM: potion effect (curing)
   614 | D:2      | XOM: harmless Summ miscast
   805 | D:2      | XOM: silly message
   826 | D:2      | XOM: silly message
   834 | D:2      | XOM: harmless Pois miscast
  1016 | D:2      | XOM: silly message
  1047 | D:2      | Gained mutation: You have large cloven feet. [demonic ancestry]
  1047 | D:2      | Reached XP level 4. HP: 35/35 MP: 4/4
  1585 | D:3      | Reached skill level 5 in Long Blades
  1610 | D:3      | Gained mutation: You have a pair of small horns on your head. [demonic ancestry]
  1610 | D:3      | Reached XP level 5. HP: 17/41 MP: 5/5
  1905 | D:4      | Noticed brknglss's ghost (amateur GnWr)
  1922 | D:4      | XOM: potion effect (heal wounds)
  1940 | D:4      | XOM: divination: magic mapping
  1944 | D:4      | XOM: harmless Pois miscast
  1980 | D:4      | Killed brknglss's ghost
  1980 | D:4      | Reached skill level 6 in Long Blades
  1980 | D:4      | Gained mutation: You are mostly covered in sharp spines. [demonic ancestry]
  1980 | D:4      | Reached XP level 6. HP: 16/47 MP: 6/6
  1997 | D:4      | XOM: 1-stop teleportation journey
  2051 | D:4      | HP: 2/47 [orc priest/war axe (4)]
  2052 | D:4      | Reached skill level 7 in Long Blades
  2055 | D:4      | Mangled by an orc

Vault maps used:
D:1:      dpeg_arrival_stone_temple_mockup, minmay_octomino_j4

Skill      XL: |  1  2  3  4  5  6 |
---------------+-------------------+-----
Long Blades    | 3 4 5 6 7 |  7.0
Fighting       | |  3.0
Short Blades   | |  0.2
Armour         | |  1.7
Dodging        | |  0.8

Action                   |  1- 3 |  4- 6 || total
-------------------------+-------+-------++-------
Melee: Falchion          |    66 |    51 ||   117
       Dagger            |    19 |    22 ||    41
       Kick              |       |    25 ||    25
       Headbutt          |       |     7 ||     7
  Use: Scroll            |     7 |     2 ||     9
       Potion            |     1 |     6 ||     7
 Stab: Paralysed         |     2 |       ||     2
       Sleeping          |     1 |       ||     1
       Petrifying        |       |     1 ||     1
       Confused          |       |     1 ||     1
  Eat: Chunk             |       |     2 ||     2
       Ration            |       |     1 ||     1
Armor: Leather armour    |    33 |    20 ||    53
Dodge: Dodged            |    49 |    40 ||    89
       Rpst.: Falchion   |    12 |     7 ||    19

Table legend:
 A = Spawn XP
 B = Non-spawn XP
 C = Spawn XP percentage of total XP
 D = Spawn monster count
 E = Non-spawn monster count
 F = Spawn count percentage of total count
 G = Total turns spent on level
                    A         B        C        D         E        F      G
               +---------+---------+-------+---------+---------+-------+---------
         Total |       0 |     632 |   0.0 |       0 |      75 |   0.0 |  2055
               +---------+---------+-------+---------+---------+-------+---------
           D:1 |       0 |      39 |   0.0 |       0 |      25 |   0.0 |   552
           D:2 |       0 |      83 |   0.0 |       0 |      22 |   0.0 |   801
           D:3 |       0 |     118 |   0.0 |       0 |      13 |   0.0 |   489
           D:4 |       0 |     392 |   0.0 |       0 |      15 |   0.0 |   213
               +---------+---------+-------+---------+---------+-------+---------
